 Dungeon Crawl Stone Soup version 0.28-a0-691-gad6df49e81 (webtiles) character file.

Game seed: 8810690536042042763

270498 siradein the Protected (level 19, 0/237 HPs)
             Began as a Demonspawn Venom Mage on Oct 21, 2021.
             Was the Champion of Hepliaklqana.
             Slain by Mennas (13 damage)
             ... on level 2 of the Vaults on Oct 22, 2021.
             The game lasted 02:54:55 (36491 turns).

siradein the Protected (Demonspawn Venom Mage)     Turns: 36491, Time: 02:54:56

Health: 0/237      AC: 25    Str:  9    XL:     19   Next: 43%
Magic:  0/33       EV: 25    Int: 23    God:    Hepliaklqana [******]
Gold:   3172       SH:  0    Dex: 17    Spells: 2/39 levels left

rFire   . . .      SeeInvis +   y - staff of poison
rCold   + + +      Faith    .   Z - +3 buckler {reflect}
rNeg    . . .      Spirit   +   T - +4 troll leather armour
rPois   +          Reflect  +   P - +2 helmet {SInv}
rElec   .          Harm     .   i - +1 cloak {Will+}
rCorr   .          Rampage  ∞   (gloves unavailable)
Will    ++...                   M - +3 pair of seven-league boots {Rampage+∞}
Stlth   ..........              D - amulet of regeneration
HPRegen 2.49/turn               U - ring "Siadum" {Contam Fly rPois rC+++ Dex+2}
MPRegen 0.46/turn               J - ring of the Hare {EV+8}

@: confused, berserking, flying, glowing, very quick
A: reduced essence, claws 3, icy blue scales 3, robust 2, spiny 1, magic shield,
magic regeneration, magic link, wild magic 1
}: 2/15 runes: serpentine, barnacled
a: Renounce Religion, Recall Ancestor, Ancestor Identity, Transference, Idealise


You were on level 2 of the Vaults.
You worshipped Hepliaklqana.
Hepliaklqana was exalted by your worship.
You visited 6 branches of the dungeon, and saw 33 of its levels.
You also visited: Trove, Bailey and Gauntlet.

You collected 6443 gold pieces.
You spent 3271 gold pieces at shops.

Inventory:

Hand Weapons
 B - the +5 mace "Qanwan" {spect, rPois Int-4 SInv}
   (You found it on level 5 of the Dungeon)

   When its wielder attacks, the weapon's spirit leaps out and strikes again.
   The spirit shares a part of any damage it takes with its wielder.
   Int:       It affects your intelligence (-4).
   rPois:     It protects you from poison.
   SInv:      It lets you see invisible.
Missiles
 s - 2 throwing nets
Armour
 i - a +1 cloak of willpower (worn)
 M - the +3 pair of seven-league boots (worn) {Rampage+∞}
   (You found it on level 3 of the Lair of Beasts)

   Its wearer moves as far as possible in that direction when moving towards
   enemies.
 P - a +2 helmet of see invisible (worn)
 T - a +4 troll leather armour (worn)
 Z - a +3 buckler of reflection (worn)
Magical Staves
 n - a staff of earth
 t - a staff of conjuration
 y - a staff of poison (weapon)
 H - a staff of air
Jewellery
 k - a ring of protection from cold
 D - an amulet of regeneration (around neck)
 I - a ring of protection from fire
 J - the ring of the Hare (right claw) {EV+8}
   (You found it in a Gauntlet)

   [ring of evasion]

   EV:        It affects your evasion (+8).
 U - the ring "Siadum" (left claw) {Contam Fly rPois rC+++ Dex+2}
   (You found it in a Gauntlet)

   [ring of flight]

   Dex:       It affects your dexterity (+2).
   rC:        It renders you almost immune to cold.
   rPois:     It protects you from poison.
   Fly:       It grants you flight.
   Contam:    It causes magical contamination when unequipped.
Wands
 d - a wand of polymorph (13)
 e - a wand of flame (107)
 o - a wand of charming (26)
 w - a wand of iceblast (39)
 K - a wand of paralysis (44)
 O - a wand of acid (8)
 V - a wand of mindburst (17)
Scrolls
 a - 3 scrolls of silence
 j - 12 scrolls of teleportation
 l - 6 scrolls of amnesia
 p - 8 scrolls of fear
 q - 3 scrolls of identify
 r - 4 scrolls of magic mapping
 F - 4 scrolls of immolation
 G - 4 scrolls of fog
 L - 6 scrolls of enchant weapon
 N - 4 scrolls of blinking
 Q - a scroll of summoning
Potions
 b - 2 potions of invisibility
 c - 7 potions of brilliance
 g - 3 potions of mutation
 h - 5 potions of might
 m - a potion of cancellation
 u - 11 potions of heal wounds
 x - 6 potions of haste
 z - 2 potions of magic
 A - 9 potions of flight
 E - 6 potions of ambrosia
 R - 4 potions of lignification
 W - 5 potions of berserk rage
 X - 12 potions of curing
Miscellaneous
 f - a phial of floods (inert)
 C - a lightning rod (inert)
 S - a box of beasts (inert)
 Y - a condenser vane (inert)


   Skills:
 + Level 11.4 Fighting
 - Level 5.6(8.7) Maces & Flails
 + Level 10.3(11.0) Staves
 + Level 13.0 Armour
 + Level 10.7 Dodging
 - Level 1.7 Stealth
 + Level 6.3 Shields
 + Level 10.6 Spellcasting
 + Level 11.4 Conjurations
 + Level 6.6 Summonings
 + Level 3.2 Translocations
 + Level 8.0 Transmutations
 + Level 9.4 Air Magic
 + Level 3.1 Earth Magic
 + Level 11.9 Poison Magic
 - Level 10.3 Invocations
 + Level 10.9 Evocations


You had 2 spell levels left.
You knew the following spells:

 Your Spells              Type           Power      Damage    Failure   Level
a - Sting                 Tmut/Pois      100%       1d8       1%          1
b - Eringya's Noxious Bo  Tmut/Pois      42%        N/A       24%         6
c - Mephitic Cloud        Conj/Pois/Air  89%        N/A       1%          3
d - Olgreb's Toxic Radia  Pois           92%        N/A       1%          4
e - Apportation           Tloc           70%        N/A       3%          1
f - Passage of Golubria   Tloc           35%        N/A       24%         4
g - Spider Form           Tmut/Pois      42%        N/A       1%          3
h - Summon Cactus Giant   Summ           26%        N/A       65%         6
i - Airstrike             Air            32%        N/A       2%          4
j - Lightning Bolt        Conj/Air       33%        1d51      4%          5

Your spell library contained the following spells:

 Spells                   Type           Power      Damage    Failure   Level
 Summon Small Mammal      Summ           100%       N/A       1%          1
 Poisonous Vapours        Pois/Air       100%       N/A       1%          2
 Passwall                 Tmut/Erth      40%        N/A       2%          2
 Sandblast                Erth           68%        2d15      3%          1
 Corpse Rot               Necr/Air       88%        N/A       3%          2
 Animate Skeleton         Necr           30%        N/A       11%         1
 Ensorcelled Hibernation  Hex/Ice        30%        N/A       16%         2
 Call Canine Familiar     Summ           53%        N/A       2%          3
 Stone Arrow              Conj/Erth      100%       3d13      2%          3
 Iskenderun's Battlesphe  Conj           71%        2d12      3%          5
 Summon Lightning Spire   Summ/Air       59%        N/A       4%          4
 Alistair's Intoxication  Tmut/Pois      56%        N/A       5%          5
 Irradiate                Conj/Tmut      32%        3d24      5%          5
 Summon Guardian Golem    Hex/Summ       35%        N/A       9%          3
 Blade Hands              Tmut           29%        N/A       11%         5
 Portal Projectile        Hex/Tloc       50%        N/A       16%         3
 Conjure Ball Lightning   Conj/Air       33%        3x3d11    21%         6
 Fireball                 Conj/Fire      25%        3d11      26%         5
 Inner Flame              Hex/Fire       15%        N/A       28%         3
 Ozocubu's Armour         Ice            15%        N/A       28%         3
 Tukima's Dance           Hex            15%        N/A       28%         3
 Summon Forest            Summ/Tloc      22%        N/A       32%         5
 Leda's Liquefaction      Hex/Erth       12%        N/A       43%         4
 Yara's Violent Unravell  Hex/Tmut       19%        3d9       43%         5
 Summon Mana Viper        Hex/Summ       35%        N/A       52%         5
 Orb of Destruction       Conj           35%        9d13      54%         7
 Cause Fear               Hex            7%         N/A       65%         4
 Borgnjor's Vile Clutch   Necr/Erth      12%        N/A       77%         5
 Starburst                Conj/Fire      25%        6d8       77%         6
 Excruciating Wounds      Necr           7%         N/A       92%         5
 Metabolic Englaciation   Hex/Ice        7%         N/A       92%         5
 Dragon Form              Tmut           29%        N/A       95%         7
 Dispersal                Tloc           17%        N/A       97%         6
 Summon Hydra             Summ           26%        N/A       99%         7
 Invisibility             Hex            7%         N/A       100%        6
 Simulacrum               Ice/Necr       7%         N/A       100%        6
 Malign Gateway           Summ/Tloc      22%        N/A       100%        7
 Discord                  Hex            7%         N/A       100%        8
 Disjunction              Tloc           17%        N/A       100%        8
 Ignition                 Fire           7%         3d5       100%        8
 Summon Horrible Things   Summ           26%        N/A       100%        8
 Chain Lightning          Conj/Air       33%        3d44      100%        9
 Fire Storm               Conj/Fire      25%        8d6       100%        9
 Shatter                  Erth           17%        3d16*     100%        9


Dungeon Overview and Level Annotations

Branches:
Dungeon (15/15)            Temple (0/1) D:6            Lair (6/6) D:11
 Shoals (4/4) Lair:4        Snake (4/4) Lair:4        Slime (0/5) Lair:5
    Orc (2/2) D:11            Elf (0/3) Orc:2        Vaults (2/5) D:13
 Depths (0/4) D:15         Bailey (visited)         Gauntlet (visited)
  Crypt: Vaults:2-3

Altars:
Cheibriados
Dithmenos
Elyvilon
Fedhas
Hepliaklqana
Nemelex Xobeh
Qazlal
Ru
Trog
Uskayaw
Wu Jian
Xom
Yredelemnul
Zin
The Shining One
Jiyva

Shops:
D:1 ?   D:2 [   D:7 =   D:11 !   Orc:2 !!*:   Snake:2 *[[   Snake:4 :

Portals:
Abyss: Snake:4

Annotations:
Snake:4 2 transporters, jr88keys's ghost, adept MiFi
Vaults:2 Mennas


Innate Abilities, Weirdness & Mutations

Your life essence is reduced to manifest your ancestor. (-10% HP)
You have claws for hands.
You are completely covered in icy blue scales. (AC +4, rC+)
You are very robust. (+20% HP)
You are partially covered in sharp spines.
When hurt, damage is shared between your health and your magic reserves.
You regenerate magic rapidly.
When low on magic, you restore magic in place of health.
Your spells are a little harder to cast, but a little more powerful.


Message History

Mennas hits you with a +2 sacred scourge of holy wrath!!
You convulse.
Mennas closely misses you. Mennas misses you.
Mennas hits you with a +2 sacred scourge of holy wrath.
You convulse.
Mennas hits you with a +2 sacred scourge of holy wrath!!
You convulse!
Mennas completely misses you. Mennas hits you but does no damage. x2
There is an open door here.
Mennas hits you with a +2 sacred scourge of holy wrath!
* * * LOW HITPOINT WARNING * * *
You convulse!
* * * LOW HITPOINT WARNING * * *
Mennas hits you but does no damage.
Mennas becomes audible again.
Mennas gestures frantically.
You are confused.
You feel much better. Mennas closely misses you.
Mennas hits you with a +2 sacred scourge of holy wrath!
* * * LOW HITPOINT WARNING * * *
You convulse.
* * * LOW HITPOINT WARNING * * *
A red film seems to cover your vision as you go berserk!
You feel yourself moving faster!
You feel mighty!
Mennas hits you with a +2 sacred scourge of holy wrath.
* * * LOW HITPOINT WARNING * * *
You convulse.
* * * LOW HITPOINT WARNING * * *
Mennas completely misses you.
Mennas hits you with a +2 sacred scourge of holy wrath!!
* * * LOW HITPOINT WARNING * * *
You convulse!!
* * * LOW HITPOINT WARNING * * *
Mennas barely misses you.
You feel a strong urge to attack something.
Mennas is struck by your spines.
Mennas hits you with a +2 sacred scourge of holy wrath!
* * * LOW HITPOINT WARNING * * *
You convulse!
You die...

........# ........#
........# ########
........# #......#
........# #......#
####'##### #......#
#......# #......#
#......###########......#
###......#......@..'......#
..'......#.......A.#......#
..'......).........########
..#......#.........#
..########.........# ..#
#..[......# ..# #.........#
### #....)....# #.........#


You could see Mennas.

Vanquished Creatures
  Rupert (Lair:3)
  Polyphemus (Shoals:3)
  Ilsuiw (Shoals:4)
  6 nagarajas
  An orc warlord (Orc:1)
  Aizul (Snake:4)
  A vault warden (Vaults:1)
  A balrug (Gauntlet)
  A very ugly thing (Vaults:1)
  3 ironbound preservers (Vaults:1)
  The ghost of HuGe the Spear-Bearer, a journeyman HOBe of Trog (Shoals:1)
  A minotaur (Gauntlet)
  3 merfolk javelineers
  9 merfolk impalers (Shoals:4)
  A yaktaur captain (Vaults:1)
  2 ironbound thunderhulks (Vaults:1)
  4 merfolk avatars
  8 naga warriors
  8 hydras
  4 boulder beetles
  A vault guard (Vaults:1)
  A salamander tyrant (Snake:4)
  A catoblepas (Shoals:3)
  Erica (D:8)
  An alligator snapping turtle (Shoals:2)
  An alligator (shapeshifter) (D:15)
  7 ironbound frosthearts
  A death knight (D:13)
  3 anacondas (Snake:4)
  6 centaur warriors
  A dancing weapon (D:13)
  7 merfolk aquamancers
  3 two-headed ogres
  2 satyrs (Shoals:4)
  13 death yaks
  An orc high priest (Orc:2)
  2 shock serpents
  Nergalle (Lair:2)
  7 naga sharpshooters
  A salamander mystic (Snake:2)
  3 skeletal warriors
  13 sea snakes
  14 deep trolls
  3 wizards
  2 lindwurms
  5 orc knights
  7 harpies
  2 ironbound convokers (Vaults:1)
  4 naga ritualists
  4 mana vipers
  A deep elf zephyrmancer (D:15)
  2 deep elf pyromancers
  8 manticores
  6 cyclopes
  2 orc sorcerers
  A faun (Shoals:2)
  13 ugly things
  6 elephants (Lair:6)
  10 salamanders
  2 guardian serpents
  6 water nymphs
  Maurice (D:12)
  A gargoyle (D:11)
  12 black mambas
  6 merfolk sirens
  3 vault sentinels
  12 naga magi
  Maggie (D:6)
  4 rime drakes
  7 cane toads
  A rime drake (shapeshifter) (D:13)
  4 komodo dragons
  9 yaktaurs
  3 efreet
  A harpy zombie (D:9)
  A hellwing (D:8)
  6 trolls
  A polar bear (Lair:6)
  A wind drake (shapeshifter) (D:14)
  5 wind drakes (Shoals:3)
  3 meliai (D:14)
  18 merfolk
  4 hornets
  11 blink frogs
  15 dream sheep
  19 slime creatures
  Prince Ribbit (Lair:1)
  8 snapping turtles
  10 spriggans (Lair:6)
  32 yaks
  A tarantella (shapeshifter) (D:14)
  A wraith (D:10)
  2 wyverns
  5 water elementals (Shoals:4)
  4 basilisks
  A neqoxec (D:10)
  A vampire mosquito (D:12)
  38 nagas
  A warg (Orc:2)
  2 acid dragons
  Duvessa (D:6)
  17 water moccasins
  33 orc warriors
  A sky beast (D:5)
  3 black bears
  4 ogres
  A boggart (Lair:6)
  17 wolves
  8 centaurs
  2 kobold brigands
  2 bullfrogs
  Blork the orc (D:4)
  2 gnoll sergeants (D:10)
  Dowan (D:6)
  A scorpion (D:5)
  A wyvern zombie (D:5)
  A killer bee (D:10)
  10 wights
  2 howler monkeys
  A battlemage (D:10)
  3 hounds (D:4)
  A quasit (D:10)
  6 centaur zombies
  A gnoll shaman (D:7)
  28 orc priests
  4 centaur skeletons
  Crazy Yiuf (D:5)
  A jelly (D:4)
  An iguana (D:5)
  22 orc wizards
  3 hell rats (Lair:5)
  A killer bee zombie (D:8)
  2 hound skeletons (D:4)
  18 gnolls
  A howler monkey skeleton (D:5)
  18 adders
  2 shadow imps
  A white imp (D:5)
  An adder skeleton (D:4)
  4 dart slugs
  78 orcs
  7 bats
  5 endoplasms
  2 giant cockroaches
  4 goblins
  8 hobgoblins
  4 jackals (D:4)
  2 quokkas
  5 ball pythons (D:1)
  3 frilled lizards
  14 kobolds
  5 rats
854 creatures vanquished.

Vanquished Creatures (collateral kills)
  Jorgrun (Orc:1)
  Frances (Shoals:2)
  4 nagarajas (Snake:4)
  2 very ugly things (Vaults:1)
  2 ironbound preservers
  Nessos (D:14)
  A dire elephant (Vaults:1)
  Snorg (D:12)
  A blizzard demon (Gauntlet)
  An ettin (Vaults:1)
  A great orb of eyes (D:15)
  4 merfolk impalers
  A yaktaur captain (Vaults:1)
  An ironbound thunderhulk (Vaults:1)
  5 hydras
  A boulder beetle (D:13)
  3 naga warriors
  A merfolk avatar (Shoals:2)
  An anaconda (shapeshifter) (D:15)
  2 ironbound frosthearts (Vaults:1)
  A merfolk aquamancer (Shoals:4)
  A dancing weapon (D:13)
  4 anacondas
  2 centaur warriors
  2 two-headed ogres
  The ghost of karkarkar the Cleaver, a journeyman GrFi of Okawaru (D:10)
  2 alligator snapping turtles
  3 orc high priests (Orc:2)
  2 death yaks
  4 shock serpents
  2 naga sharpshooters (Snake:3)
  6 skeletal warriors
  2 salamander mystics
  7 sea snakes
  5 deep trolls (Vaults:1)
  A flayed ghost (D:13)
  2 orc knights
  A wizard (Vaults:2)
  A naga ritualist (Snake:2)
  An ironbound convoker (Vaults:2)
  7 harpies
  An oklob plant (Lair:1)
  10 ugly things
  A cyclops (Shoals:3)
  A faun (Shoals:1)
  4 salamanders
  An orc sorcerer (Orc:2)
  7 manticores
  14 black mambas
  4 elephants
  3 centaur zombies
  A vault sentinel (Vaults:1)
  2 guardian serpents
  Joseph (D:8)
  A gargoyle (D:10)
  A torpor snail (Lair:4)
  6 naga magi
  3 water nymphs
  8 cane toads
  A rime drake (Lair:2)
  2 komodo dragons
  Psyche (D:12)
  A centaur skeleton (D:9)
  4 yaktaurs
  2 hellwings (D:8)
  2 polar bears
  8 merfolk
  4 hornets
  2 wind drakes
  5 dream sheep
  7 slime creatures
  6 blink frogs
  2 snapping turtles
  5 spriggans (Lair:6)
  A wraith (D:9)
  3 wyverns
  2 water elementals (Shoals:3)
  9 yaks
  A neqoxec (D:10)
  3 vampire mosquitoes
  2 acid dragons
  12 nagas
  2 hell hounds (Gauntlet)
  2 floating eyes (D:10)
  2 black bears (Lair:6)
  6 water moccasins
  17 orc warriors
  2 boggarts (Lair:6)
  4 ogres
  8 wolves
  2 centaurs (D:15)
  4 bullfrogs
  A wight (D:9)
  An electric eel (Lair:4)
  2 quasits (D:10)
  6 orc priests
  An iguana (D:7)
  6 orc wizards
  2 hell rats (Lair:5)
  A howler monkey zombie (D:10)
  2 gnolls (D:10)
  6 adders (Lair:2)
  3 white imps (Gauntlet)
  16 orcs
342 creatures vanquished.

Vanquished Creatures (others)
  A manticore (Shoals:4)
  A naga mage (Snake:1)
  47 battlemagi
  3 ancestors
  2 orcs (Orc:2)
  23 fungi
  56 plants
133 creatures vanquished.

Grand Total: 1329 creatures vanquished

Notes
Turn   | Place    | Note
-------+----------+-------------------------------------------
     0 | D:1      | siradein the Demonspawn Venom Mage began the quest for the
                  | Orb.
     0 | D:1      | Reached XP level 1. HP: 13/13 MP: 3/3
    64 | D:1      | Reached skill level 1 in Transmutations
   265 | D:1      | Found Xakheked's Magic Scroll Emporium.
   375 | D:1      | Gained mutation: You are partially covered in sharp spines.
                  | [demonic ancestry]
   375 | D:1      | Reached XP level 2. HP: 14/20 MP: 3/5
   379 | D:1      | Learned a level 2 spell: Poisonous Vapours
  1253 | D:1      | Reached skill level 1 in Fighting
  1253 | D:1      | Gained mutation: You regenerate magic rapidly. [demonic
                  | ancestry]
  1253 | D:1      | Reached XP level 3. HP: 26/26 MP: 4/6
  1362 | D:1      | Learned a level 3 spell: Mephitic Cloud
  1550 | D:2      | Found Loazezut's Antique Armour Boutique.
  2554 | D:3      | Found a blossoming altar of Fedhas.
  2733 | D:4      | Gained mutation: You are partially covered in icy blue
                  | scales. (AC +2) [demonic ancestry]
  2733 | D:4      | Reached XP level 4. HP: 26/32 MP: 5/7
  2965 | D:4      | You fall into a shaft and drop 2 floors!
  2965 | D:6      | Noticed Duvessa
  2972 | D:6      | Noticed Dowan
  2997 | D:6      | Killed Duvessa
  2998 | D:6      | Reached skill level 1 in Conjurations
  2998 | D:6      | Reached skill level 1 in Air Magic
  2998 | D:6      | Gained mutation: You are mostly covered in icy blue scales.
                  | (AC +3) [demonic ancestry]
  2998 | D:6      | Reached XP level 5. HP: 19/38 MP: 2/9
  3020 | D:5      | Entered Level 5 of the Dungeon
  3350 | D:4      | Found a bloodstained altar of Trog.
  3351 | D:4      | Found a hazy altar of Hepliaklqana.
  3352 | D:4      | Found a stormy altar of Qazlal.
  3352 | D:4      | Found a basalt altar of Yredelemnul.
  3353 | D:4      | Found a snail-covered altar of Cheibriados.
  3359 | D:4      | Became a worshipper of Hepliaklqana the Forgotten
  3408 | D:4      | Gained mutation: When hurt, damage is shared between your
                  | health and your magic reserves. [demonic ancestry]
  3408 | D:4      | Reached XP level 6. HP: 43/44 MP: 4/10
  3989 | D:4      | Reached skill level 1 in Invocations
  4033 | D:4      | Noticed Blork the orc
  4052 | D:4      | Killed Blork the orc
  4291 | D:5      | Noticed a sky beast
  4300 | D:5      | Killed a sky beast
  4301 | D:5      | Reached skill level 1 in Staves
  4301 | D:5      | Reached XP level 7. HP: 45/51 MP: 3/11
  4692 | D:5      | Identified the +5 mace "Qanwan" {spect, rPois Int-4 SInv}
  4694 | D:5      | Found a runed translucent door.
  4700 | D:5      | Noticed Crazy Yiuf
  4873 | D:5      | Reached skill level 1 in Evocations
  5168 | D:5      | Reached XP level 8. HP: 57/57 MP: 13/13
  5227 | D:5      | Paralysed by Crazy Yiuf for 3 turns
  5230 | D:5      | Killed Crazy Yiuf
  5399 | D:6      | Noticed Maggie
  5414 | D:6      | Killed Maggie
  5415 | D:6      | Reached skill level 1 in Armour
  5672 | D:6      | Found a staircase to the Ecumenical Temple.
  5703 | D:6      | Reached * piety under Hepliaklqana
  5816 | D:6      | Learned a level 4 spell: Olgreb's Toxic Radiance
  6109 | D:6      | Killed Dowan
  6263 | D:6      | Found an ornate altar of the Wu Jian Council.
  6414 | D:7      | Gained mutation: You are completely covered in icy blue
                  | scales. (AC +4, rC+) [demonic ancestry]
  6414 | D:7      | Reached XP level 9. HP: 47/57 MP: 8/15
  6494 | D:6      | Reached skill level 2 in Armour
  6761 | D:7      | Reached skill level 5 in Poison Magic
  6821 | D:7      | Found Iploniri's Jewellery Boutique.
  6944 | D:7      | Found a hide-covered altar of Uskayaw.
  7237 | D:7      | Reached skill level 5 in Fighting
  7237 | D:7      | Reached skill level 3 in Armour
  7237 | D:7      | Reached skill level 5 in Dodging
  7237 | D:7      | Reached skill level 5 in Spellcasting
  7237 | D:7      | Reached skill level 5 in Conjurations
  7237 | D:7      | Reached XP level 10. HP: 66/66 MP: 15/17
  7238 | D:7      | Reached skill level 4 in Armour
  7238 | D:7      | Reached skill level 5 in Transmutations
  7238 | D:7      | Reached skill level 5 in Air Magic
  7238 | D:7      | Reached skill level 5 in Evocations
  7238 | D:7      | Gained mutation: You have sharp fingernails. [demonic
                  | ancestry]
  7238 | D:7      | Reached XP level 11. HP: 72/72 MP: 15/19
  7359 | D:8      | Noticed Erica
  7374 | D:8      | Killed Erica
  7460 | D:8      | Identified the +8 chain mail "Beber" {*Corrode Int+3 Dex+5}
  7492 | D:8      | Found a flagged portal.
  7511 | Bailey   | Entered a bailey
  7511 | Bailey   | Reached ** piety under Hepliaklqana
  7512 | Bailey   | Remembered your ancestor Fuq Yu as a battlemage
  7920 | Bailey   | Noticed an orc knight
  7956 | Bailey   | Killed an orc knight
  8222 | Bailey   | Reached skill level 5 in Staves
  8511 | D:8      | Noticed Joseph
  8522 | D:8      | Killed Joseph
  8579 | D:8      | Found a sparkling altar of Nemelex Xobeh.
  9216 | D:9      | Noticed a five-headed hydra
  9222 | D:9      | Killed a five-headed hydra
  9223 | D:9      | Reached skill level 5 in Armour
  9531 | D:9      | Gained mutation: You have very sharp fingernails. [demonic
                  | ancestry]
  9531 | D:9      | Reached XP level 12. HP: 79/79 MP: 19/21
  9537 | D:9      | Found the +4 Cigotuvi's embrace {rMiasma Drain rN+}
  9772 | D:9      | Found a shadowy altar of Dithmenos.
  9782 | D:9      | Reached *** piety under Hepliaklqana
  9852 | D:9      | Found a sacrificial altar of Ru.
 10246 | D:10     | Entered Level 10 of the Dungeon
 10330 | D:10     | Found a portal to a secret trove of treasure.
 10592 | D:10     | Noticed karkarkar's ghost (journeyman GrFi)
 10605 | D:10     | Found a transporter.
 10623 | D:10     | Found a transporter.
 10678 | D:10     | Noticed a centaur warrior
 10683 | D:10     | Killed a centaur warrior
 10708 | D:10     | Paralysed by a floating eye for 4 turns
 10723 | D:10     | Paralysed by a floating eye for 4 turns
 10725 | D:10     | Reached skill level 6 in Armour
 10861 | D:10     | Noticed a two-headed ogre
 10875 | D:10     | Killed a two-headed ogre
 10935 | D:10     | Noticed a two-headed ogre
 10939 | D:10     | Killed a two-headed ogre
 10942 | D:10     | Noticed a two-headed ogre
 10951 | D:10     | Killed a two-headed ogre
 11123 | D:10     | Gained mutation: Your magical capacity is low. (-10% MP) [a
                  | neqoxec]
 11128 | D:10     | Gained mutation: You do not regenerate when monsters are
                  | visible. [a neqoxec]
 11243 | D:10     | Killed karkarkar's ghost
 11359 | D:11     | Found a staircase to the Lair.
 11360 | D:11     | Lost mutation: Your magical capacity is low. (-10% MP)
                  | [potion of mutation]
 11360 | D:11     | Lost mutation: You do not regenerate when monsters are
                  | visible. [potion of mutation]
 11360 | D:11     | Gained mutation: You are somewhat resistant to further
                  | mutation. [potion of mutation]
 11360 | D:11     | Gained mutation: Armour fits poorly on your strangely
                  | shaped body. [potion of mutation]
 11360 | D:11     | Lost mutation: Armour fits poorly on your strangely shaped
                  | body. [potion of mutation]
 11379 | D:11     | Noticed a boulder beetle
 11387 | D:11     | Killed a boulder beetle
 11412 | D:11     | Noticed a two-headed ogre
 11423 | D:11     | Killed a two-headed ogre
 11424 | D:11     | Reached XP level 13. HP: 81/86 MP: 4/23
 11491 | D:10     | Learned a level 1 spell: Apportation
 11495 | D:10     | Learned a level 3 spell: Stone Arrow
 11674 | D:11     | Found Luso's Distillery.
 11682 | D:11     | Bought a potion of curing for 42 gold pieces
 11904 | D:2      | Bought a pair of embroidered boots for 202 gold pieces
 11904 | D:2      | Bought a runed buckler for 202 gold pieces
 11955 | D:1      | Bought a scroll of enchant armour for 82 gold pieces
 11955 | D:1      | Bought a scroll of blinking for 82 gold pieces
 11955 | D:1      | Bought a scroll of identify for 22 gold pieces
 12405 | D:11     | Found a staircase to the Orcish Mines.
 12458 | Lair:1   | Entered Level 1 of the Lair of Beasts
 12486 | Lair:1   | Found a shimmering altar of Xom.
 12531 | Lair:1   | Noticed Prince Ribbit
 12535 | Lair:1   | Killed Prince Ribbit
 12654 | Lair:1   | Reached **** piety under Hepliaklqana
 13030 | Lair:1   | You fall into a shaft and drop 1 floor!
 13030 | Lair:2   | Noticed Nergalle
 13034 | Lair:2   | Reached skill level 7 in Armour
 13034 | Lair:2   | Reached skill level 1 in Shields
 13052 | Lair:2   | Killed Nergalle
 13102 | Lair:2   | Learned a level 3 spell: Spider Form
 13996 | Lair:3   | Reached ***** piety under Hepliaklqana
 14342 | Lair:3   | Noticed Rupert
 14343 | Lair:3   | Paralysed by Rupert for 2 turns
 14373 | Lair:3   | Killed Rupert
 14760 | Lair:3   | Gained mutation: You have claws for hands. [demonic
                  | ancestry]
 14760 | Lair:3   | Reached XP level 14. HP: 86/93 MP: 23/25
 14763 | Lair:3   | Found the +3 pair of seven-league boots {Rampage+∞}
 14929 | Lair:4   | Found a staircase to the Snake Pit.
 15046 | Lair:4   | Reached skill level 8 in Armour
 15055 | Lair:4   | Reached skill level 10 in Invocations
 15729 | Lair:4   | Found a staircase to the Shoals.
 15965 | Lair:5   | Reached skill level 1 in Maces & Flails
 16319 | Lair:5   | Found a viscous altar of Jiyva.
 16320 | Lair:5   | Found a staircase to the Slime Pits.
 16616 | Lair:6   | Entered Level 6 of the Lair of Beasts
 17103 | Lair:6   | Reached XP level 15. HP: 94/100 MP: 24/27
 17135 | Lair:6   | Reached skill level 9 in Armour
 17942 | Orc:1    | Entered Level 1 of the Orcish Mines
 18020 | Orc:2    | Entered Level 2 of the Orcish Mines
 18355 | Orc:2    | Found Itolidix's Distillery.
 18355 | Orc:2    | Found Sawidu Enia's Distillery.
 18358 | Orc:2    | Found Zemi's Book Shop.
 18360 | Orc:2    | Found Opuxoch's Assorted Antiques.
 18363 | Orc:2    | Bought a potion of mutation for 136 gold pieces
 18363 | Orc:2    | Bought a potion of mutation for 136 gold pieces
 18364 | Orc:2    | Bought a potion of resistance for 110 gold pieces
 18364 | Orc:2    | Bought a potion of heal wounds for 55 gold pieces
 18364 | Orc:2    | Bought a potion of mutation for 88 gold pieces
 18650 | Orc:2    | Found a staircase to the Elven Halls.
 18774 | Orc:1    | Reached ****** piety under Hepliaklqana
 18793 | Orc:1    | Noticed an orc warlord
 18806 | Orc:1    | Killed an orc warlord
 19095 | Orc:1    | Noticed Jorgrun
 19095 | Orc:1    | HP: 4/101 [orc warrior (18)]
 19199 | Orc:1    | Killed Jorgrun
 19408 | Orc:2    | Bought a potion of heal wounds for 85 gold pieces
 19408 | Orc:2    | Bought a potion of heal wounds for 85 gold pieces
 19408 | Orc:2    | Bought a potion of heal wounds for 85 gold pieces
 19408 | Orc:2    | Bought a potion of curing for 51 gold pieces
 19408 | Orc:2    | Bought a potion of curing for 51 gold pieces
 19408 | Orc:2    | Lost mutation: You are somewhat resistant to further
                  | mutation. [potion of mutation]
 19408 | Orc:2    | Gained mutation: You are covered in fur. (AC +1) [potion of
                  | mutation]
 19408 | Orc:2    | Gained mutation: You are frail. (-10% HP) [potion of
                  | mutation]
 19408 | Orc:2    | Gained mutation: You have large cloven feet. [potion of
                  | mutation]
 19409 | Orc:2    | Lost mutation: You are frail. (-10% HP) [potion of
                  | mutation]
 19409 | Orc:2    | Lost mutation: You have large cloven feet. [potion of
                  | mutation]
 19409 | Orc:2    | Lost mutation: You are covered in fur. (AC +1) [potion of
                  | mutation]
 19409 | Orc:2    | Gained mutation: Your spells are a little harder to cast,
                  | but a little more powerful. [potion of mutation]
 19534 | D:12     | Noticed Psyche
 19536 | D:12     | Paralysed by Psyche for 7 turns
 19541 | D:12     | Killed Psyche
 19589 | D:12     | Noticed Maurice
 19602 | D:12     | Killed Maurice
 19896 | D:12     | Noticed Snorg
 19903 | D:12     | Killed Snorg
 20735 | D:13     | Found a gate to the Vaults.
 20892 | D:13     | Reached skill level 10 in Armour
 21484 | D:14     | Learned a level 6 spell: Summon Cactus Giant
 21497 | D:14     | Noticed Nessos
 21504 | D:14     | Killed Nessos
 21563 | D:14     | Reached XP level 16. HP: 83/108 MP: 20/28
 22011 | D:14     | Reached skill level 10 in Poison Magic
 22196 | D:15     | Entered Level 15 of the Dungeon
 22197 | D:15     | Identified 3 scrolls of acquirement
 22197 | D:15     | Acquired 952 gold pieces
 22225 | D:15     | Reached skill level 1 in Summonings
 22334 | D:15     | Found a gate leading to a gauntlet.
 22339 | Gauntlet | Entered a Gauntlet
 22339 | Gauntlet | Found a transporter.
 22339 | Gauntlet | Found a transporter.
 22340 | Gauntlet | Found a transporter.
 22343 | Gauntlet | Found a transporter.
 22345 | Gauntlet | Found a transporter.
 22353 | Gauntlet | Found a transporter.
 22368 | Gauntlet | Found a transporter.
 22375 | Gauntlet | Found a transporter.
 22393 | Gauntlet | Found a transporter.
 22401 | Gauntlet | Found a transporter.
 22419 | Gauntlet | Found a transporter.
 22471 | Gauntlet | Found a transporter.
 22471 | Gauntlet | Found the ring of the Hare {EV+8}
 22673 | Gauntlet | Identified the ring "Siadum" {Contam Fly rPois rC+++ Dex+2}
 22770 | Gauntlet | Identified the +0 leather armour of Cudul {*Slow Dex+9
                  | Stlth-}
 23504 | D:15     | Found a staircase to the Depths.
 23510 | D:15     | Paralysed by a great orb of eyes for 7 turns
 23941 | Shoals:1 | Entered Level 1 of the Shoals
 24162 | Orc:2    | Bought a book of Storms for 544 gold pieces
 24167 | Orc:2    | Learned a level 4 spell: Airstrike
 24173 | Orc:2    | Learned a level 5 spell: Lightning Bolt
 24175 | Orc:2    | Bought a potion of curing for 33 gold pieces
 24259 | D:11     | Bought a potion of brilliance for 56 gold pieces
 24259 | D:11     | Bought 2 potions of might for 112 gold pieces
 24259 | D:11     | Bought a potion of curing for 42 gold pieces
 24259 | D:11     | Bought a potion of curing for 42 gold pieces
 24259 | D:11     | Bought 2 potions of berserk rage for 140 gold pieces
 24259 | D:11     | Bought a potion of curing for 42 gold pieces
 24259 | D:11     | Bought a potion of curing for 42 gold pieces
 24581 | Shoals:1 | Found a large runed translucent door.
 24582 | Shoals:1 | Found a large runed translucent door.
 24583 | Shoals:1 | Noticed HuGe's ghost (journeyman HOBe)
 24603 | Shoals:1 | Killed HuGe's ghost
 25357 | Shoals:2 | Noticed Frances
 25361 | Shoals:2 | Killed Frances
 25425 | Shoals:2 | Reached skill level 5 in Maces & Flails
 25429 | Shoals:2 | Reached skill level 11 in Armour
 25577 | Shoals:2 | Learned a level 6 spell: Eringya's Noxious Bog
 25664 | Shoals:2 | Reached skill level 10 in Fighting
 26075 | Shoals:2 | Reached skill level 10 in Conjurations
 26545 | Shoals:3 | Gained mutation: When low on magic, you restore magic in
                  | place of health. [demonic ancestry]
 26545 | Shoals:3 | Reached XP level 17. HP: 82/115 MP: 18/30
 26565 | Shoals:3 | Noticed Polyphemus
 26582 | Shoals:3 | Killed Polyphemus
 27413 | Shoals:4 | Entered Level 4 of the Shoals
 27413 | Shoals:4 | Noticed Ilsuiw
 27451 | Shoals:4 | Killed Ilsuiw
 28234 | Shoals:4 | Reached skill level 10 in Evocations
 28992 | Shoals:4 | Reached skill level 12 in Armour
 28992 | Shoals:4 | Reached skill level 10 in Dodging
 29092 | Shoals:4 | Got a barnacled rune of Zot
 29343 | Shoals:4 | Acquired 807 gold pieces
 29448 | Snake:1  | Entered Level 1 of the Snake Pit
 30570 | Snake:2  | Reached skill level 5 in Summonings
 30694 | Snake:2  | Reached skill level 10 in Spellcasting
 30701 | Snake:2  | Reached skill level 5 in Shields
 30773 | Snake:2  | Gained mutation: You are robust. (+10% HP) [demonic
                  | ancestry]
 30773 | Snake:2  | Reached XP level 18. HP: 116/136 MP: 23/32
 31120 | Snake:2  | Found Japiacat's Armour Emporium.
 31122 | Snake:2  | Found Piempasmi's Antique Armour Shoppe.
 31140 | Snake:2  | Found Woapin's Assorted Antiques.
 31147 | Snake:2  | Bought a scroll of identify for 44 gold pieces
 31147 | Snake:2  | Bought a lightning rod (4/4) for 660 gold pieces
 31324 | Snake:2  | Learned a level 4 spell: Passage of Golubria
 31985 | Snake:3  | Reached skill level 1 in Translocations
 32802 | D:10     | You paid a toll of 4 potions of resistance to enter a
                  | treasure trove
 32803 | Trove    | Entered a treasure trove
 32812 | Trove    | Identified the +1 pair of boots "Decenn" {*Corrode rPois
                  | Dex-5 SInv}
 32818 | Trove    | Identified the +0 kite shield of Biac Xeumipn {+Blink rN+
                  | Int+4 Slay-2}
 33093 | Snake:4  | Entered Level 4 of the Snake Pit
 33114 | Snake:4  | Found a transporter.
 33183 | Snake:4  | Noticed a Hell Sentinel
 33210 | Snake:4  | Found a transporter.
 33211 | Snake:4  | Found a one-way gate to the infinite horrors of the Abyss.
 33253 | Snake:4  | Found Xageatha's Book Shoppe.
 33454 | Snake:4  | Noticed jr88keys's ghost (adept MiFi)
 33509 | Snake:4  | Noticed Aizul
 33542 | Snake:4  | Killed Aizul
 33674 | Snake:4  | Reached skill level 10 in Staves
 33685 | Snake:4  | Reached skill level 1 in Earth Magic
 34202 | Snake:4  | Got a serpentine rune of Zot
 34447 | Snake:4  | Acquired a book of Vapours
 34681 | Vaults:1 | Entered Level 1 of the Vaults
 35192 | Vaults:1 | Gained mutation: You are very robust. (+20% HP) [demonic
                  | ancestry]
 35192 | Vaults:1 | Reached XP level 19. HP: 138/158 MP: 28/33
 36124 | Vaults:1 | Acquired 1106 gold pieces
 36416 | Vaults:2 | Noticed Mennas
 36425 | Vaults:2 | Reached skill level 13 in Armour
 36491 | Vaults:2 | Slain by Mennas

Illustrated notes

Levels and vault maps discovered:
D:1:      lordsloth_arrival_two_stooges, layout_basic, serial_shops, shop,
          minmay_distorted
D:2:      layout_basic, serial_shops, shop_coins
D:3:      layout_loops_ring, mainiacjoe_overflow_tiny_flanked
D:4:      layout_loops_ring, grunt_temple_overflow_open, uniq_blork_the_orc
D:5:      layout_cave_pools, chequers_hall_statues_y,
          minmay_misc_feat_diagonals, serial_bayou_lagoon_b,
          uniq_crazy_yiuf_cottage
D:6:      layout_basic, nzn_wu_jian_contemplation, minmay_temple_entry_junction,
          uniq_duvessa, uniq_maggie
D:7:      layout_loops_ring, kennysheep_mini, serial_shops, nicolae_square_shop,
          minmay_misc_feat_secret_circle
D:8:      layout_basic, nemelex_xobeh_ov_fountains_minmay, enter_bailey_4,
          uniq_joseph, uniq_erica
D:9:      minmay_curly_fans, layout_long_grid, overflow_temple_1_default,
          mainiacjoe_overflow_six_doors_small, hellmonk_guarded_unrand_cigotuvi
D:10:     minmay_octagon_keep, layout_rooms, enter_trove_1,
          gammafunk_ghost_stat_death, onia_ninara_cookie
D:11:     layout_rooms, lair_entry_dummy, hiddenorc1_lemuel, serial_shops,
          nicolae_square_shop
D:12:     layout_roguey, chequers_serial_rivers_large_b, lemuel_nasty_fountain,
          uniq_snorg, uniq_maurice, uniq_psyche
D:13:     minmay_cornered_nines, layout_irregular_city, erik_vaults_1
D:14:     layout_loops_ring, elyvilon_altar_1, nicolae_benzene_ring,
          minmay_holes, fountainhead, uniq_nessos
D:15:     gammafunk_enter_depths_forms, layout_basic, gauntlet_entry_generic,
          lemuel_round_altar
Lair:1:   layout_hall_layers, lemuel_oklob_altar, uniq_prince_ribbit2
Lair:2:   lemuel_reptile_caves, layout_misc_corridors, uniq_nergalle
Lair:3:   layout_layer_cave, hellmonk_guarded_unrand_seven_league_boots,
          grunt_megastairs_3, uniq_rupert
Lair:4:   layout_loops_ring, minmay_shoals_entry_hut,
          minmay_snake_entry_guardpost_medium, grunt_megastairs_2
Lair:5:   layout_gridlike, slime_altar_1, lemuel_fruit_fields
Lair:6:   minmay_lair_end_enchanted_forest, layout_long_grid
Shoals:1: layout_shoals, ebering_ghost_disaster_area
Shoals:2: layout_shoals, nicolae_shoals_land_atoll, ldierk_geyser,
          st_sunken_huts, uniq_frances
Shoals:3: layout_shoals, uniq_polyphemus
Shoals:4: shoals_end_simple, layout_shoals, shoals_ilsuiw_alternative
Snake:1:  layout_grid_shapes, guppyfry_library_mini
Snake:2:  layout_cave_shapes, minmay_shop_star
Snake:3:  layout_layer_cave
Snake:4:  grunt_snake_rune_pools, layout_misc_corridors,
          gammafunk_ghost_abyssal_escape, serial_shops, shop,
          serial_bayou_shore_b, uniq_aizul
Orc:1:    layout_diamond_mine, uniq_jorgrun
Orc:2:    st_orc_mages, layout_diamond_mine
Vaults:1: vaults_room_grunt_arrival_ludios, v_alt_pattern_6,
          hangedman_vaults_maws, hangedman_vaults_stream,
          nicolae_vaults_little_squares_3, hangedman_vaults_nails,
          nicolae_vaults_mini_display_case, ontoclasm_vaults_loading_screen,
          vaults_room_hallway, vaults_room_pool, layout_vaults_omnigrid
Vaults:2: minmay_crypt_entry_simple_box, ontoclasm_vaults_ring_square,
          nicolae_vaults_circle_grid_a, v_misc_13, vaults_room_grid, door_vault,
          hangedman_vaults_stitches, nicolae_vaults_specimen_jars,
          nicolae_vaults_diagonal_hallway_8, vaults_mumra_hexcomb,
          nicolae_vaults_little_ls, nicolae_vaults_yaktaur_gun_rack,
          layout_vaults_omnibox, uniq_mennas

Skill      XL: |  1  2  3  4  5  6  7  8  9 10 11 12 13 14 15 16 17 18 19 |
---------------+----------------------------------------------------------+-----
Transmutations | 1 2 3 4 5 6 7 8 |  8.0
Dodging        | 2 3 4 5 6 7 8 9 10 | 10.7
Fighting       | 1 2 3 5 6 7 8 9 10 11 | 11.4
Conjurations   | 1 2 3 5 6 7 8 9 10 11 | 11.4
Air Magic      | 1 2 3 4 5 6 7 8 9 |  9.4
Spellcasting   | 3 4 5 6 7 8 9 10 | 10.6
Invocations    | 1 2 3 6 7 8 9 10 | 10.3
Poison Magic   | 4 6 7 8 9 10 11 | 11.9
Staves         | 1 2 4 5 6 7 8 9 10 | 10.3
Evocations     | 1 2 4 5 6 7 8 9 10 | 10.9
Armour         | 1 3 4 5 6 7 8 10 11 12 13 | 13.0
Shields        | 2 3 4 5 6 |  6.3
Maces & Flails | 2 4 5 |  5.6
Summonings     | 3 5 6 |  6.6
Translocations | 2 3 |  3.2
Earth Magic    | 2 3 |  3.1
Stealth        | |  1.7

Action                   |  1- 3 |  4- 6 |  7- 9 | 10-12 | 13-15 | 16-18 | 19-21 || total
-------------------------+-------+-------+-------+-------+-------+-------+-------++-------
Melee: Unarmed           |    34 |       |       |       |       |       |       ||    34
       Dagger            |     5 |       |       |       |       |       |       ||     5
       Short sword       |    22 |    13 |       |       |       |       |       ||    35
       Staff             |       |    17 |    18 |       |       |  1188 |   204 ||  1427
       Mace              |       |       |    78 |   225 |   858 |   147 |       ||  1308
 Cast: Sting             |    26 |     2 |     7 |     4 |     8 |     8 |       ||    55
       Poisonous Vapours |    24 |    67 |    18 |    61 |     1 |     5 |       ||   176
       Mephitic Cloud    |       |       |       |     8 |     1 |     8 |     5 ||    22
       Olgreb's Toxic Ra |       |       |       |    16 |    68 |    90 |    23 ||   197
       Stone Arrow       |       |       |       |       |     6 |       |       ||     6
       Airstrike         |       |       |       |       |       |   145 |     9 ||   154
       Lightning Bolt    |       |       |       |       |       |    15 |     1 ||    16
Invok: Ancestor Identity |       |       |     1 |       |       |       |       ||     1
       Ancestor Life: Ba |       |       |       |     1 |       |       |       ||     1
       Recall Ancestor   |       |       |       |     1 |     2 |       |       ||     3
Evoke: Lightning rod     |       |       |       |       |       |     5 |     4 ||     9
       Condenser vane    |       |       |       |       |       |     3 |     1 ||     4
       Box of beasts     |       |       |       |       |       |     1 |     1 ||     2
       Phial of floods   |       |       |       |       |       |     1 |     1 ||     2
       Wand              |       |       |       |       |       |       |     3 ||     3
  Use: Scroll            |       |       |     2 |     4 |    12 |    20 |     1 ||    39
       Potion            |       |       |     1 |     2 |     3 |     1 |     4 ||    11
 Stab: Sleeping          |       |       |     1 |       |     8 |     2 |       ||    11
       Distracted        |       |       |       |     3 |    19 |    23 |     3 ||    48
       Confused          |       |       |       |     1 |       |     3 |       ||     4
       Petrified         |       |       |       |       |       |     4 |       ||     4
Armor: Robe              |    17 |    15 |     7 |       |       |       |       ||    39
       Ring mail         |       |       |    11 |       |       |       |       ||    11
       Steam dragon scal |       |       |    13 |    30 |       |       |       ||    43
       Acid dragon scale |       |       |       |   143 |   132 |       |       ||   275
       Chain mail        |       |       |       |     8 |       |       |       ||     8
       Troll leather arm |       |       |       |    16 |   287 |   367 |    51 ||   721
Dodge: Dodged            |    42 |    40 |    69 |   248 |   587 |   988 |   152 ||  2126
Block: Buckler           |       |       |       |       |   323 |   477 |    72 ||   872
       Reflection        |       |       |       |       |     5 |    59 |     1 ||    65

Table legend: (Time is in decaauts)
 A = Elapsed time spent in this place.
 B = Non-inter-level travel time spent in this place.
 C = Inter-level travel time spent in this place.
 D = Time resting spent in this place.
 E = Time spent auto-exploring this place.
 F = Levels seen in this place.
 G = Mean time per level.
                   A        B        C        D        E       F      G
               +--------+--------+--------+--------+--------+-----+--------+
         Total |  36458 |  33551 |   2907 |   1514 |  23967 |  36 | 1012.7 |
       Dungeon |  15958 |  14715 |   1243 |    363 |  10936 |  15 | 1063.9 |
          Lair |   6363 |   5397 |    966 |     90 |   4065 |   6 | 1060.5 |
        Shoals |   4816 |   4648 |    168 |    836 |   2799 |   4 | 1204.0 |
     Snake Pit |   4556 |   4267 |    289 |     68 |   3300 |   4 | 1139.0 |
  Orcish Mines |   1647 |   1468 |    179 |    108 |    780 |   2 |  823.5 |
        Vaults |   1711 |   1651 |     60 |      0 |   1192 |   2 |  855.5 |
         Trove |     54 |     54 |      0 |      0 |      3 |   1 |   54.0 |
        Bailey |    902 |    902 |      0 |     36 |    659 |   1 |  902.0 |
      Gauntlet |    448 |    448 |      0 |     13 |    232 |   1 |  448.0 |
               +--------+--------+--------+--------+--------+-----+--------+

Top non-repeatable levels by time:
Shoals:3: 1661 daAuts
     D:1: 1492 daAuts
     D:5: 1442 daAuts
Vaults:1: 1418 daAuts
  Lair:4: 1361 daAuts
     D:9: 1353 daAuts
    D:10: 1298 daAuts
 Snake:3: 1286 daAuts
     D:6: 1277 daAuts
     D:4: 1276 daAuts
  Lair:3: 1226 daAuts
  Lair:6: 1218 daAuts
 Snake:4: 1200 daAuts
Shoals:4: 1129 daAuts
 Snake:1: 1127 daAuts
